 Dungeon Crawl Stone Soup version 0.31-a0-185-g9dded2c639 (webtiles) character file.

Game seed: 9399228566664422559

30 qw the Shooter (level 3, 0/20 HPs)
             Began as a Deep Elf Hunter on June 22, 2023.
             Slain by Terence
             ... wielding a +2 flail of protection
              (8 damage)
             ... on level 2 of the Dungeon.
             The game lasted 00:00:17 (1078 turns).

qw the Shooter (Deep Elf Hunter)                    Turns: 1078, Time: 00:00:18

Health: 0/20       AC:  6    Str: 10    XL:     3   Next: 5%
Magic:  5/5        EV: 11    Int: 13    God:
Gold:   22         SH:  0    Dex: 18    Spells: 2/2 levels left

rFire   . . .        Y - +0 shortbow
rCold   . . .        (shield currently unavailable)
rNeg    . . .        h - +0 ring mail
rPois   .            d - +0 helmet
rElec   .            (no cloak)
rCorr   .            (no gloves)
SInv    +            (no boots)
Will    .....        (no amulet)
Stlth   +            e - ring of see invisible
HPRegen 0.23/turn    (no ring)
MPRegen 0.09/turn

%: no passive effects
@: slowed, very slow
A: no striking features
a: no special abilities


You were on level 2 of the Dungeon.
You visited 1 branch of the dungeon, and saw 2 of its levels.

You collected 22 gold pieces.


   Skills:
 - Level 1.5 Fighting
 + Level 6.6 Ranged Weapons
 - Level 2.4 Dodging
 - Level 1.2 Stealth


You had 2 spell levels left.
You didn't know any spells.
Your spell library was empty.

Inventory:

Hand Weapons
 Y - a +0 shortbow (weapon)
Armour
 d - a +0 helmet (worn)
 h - a +0 ring mail (worn)
Jewellery
 e - a ring of see invisible (left hand)
Potions
 a - 2 potions of attraction {unknown}
 b - 2 potions of degeneration {unknown}
 f - a potion of enlightenment {unknown}
 i - a potion of brilliance {unknown}

Dungeon Overview and Level Annotations

Branches:
Dungeon (2/15)

Altars:

Annotations:
D:2 Natasha, Terence


Message History

Enter note:
Enter note:
Enter note:
Found a dagger.
Enter note:
Enter note:
Enter note: You see here a +0 dagger.
A ball python comes into view.
Enter note:
Enter note:
Enter note: You shoot an arrow.
The arrow hits the ball python!
You kill the ball python!
You open the door.
Terence and Natasha come into view.
Terence is wielding a +2 flail of protection.
Found 7 gold pieces.
Enter note:
Enter note:
Enter note: You shoot an arrow.
The arrow hits Natasha but does no damage.
Natasha hisses angrily.
Natasha casts a spell at you.
You feel yourself slow down.
You shoot an arrow. The arrow hits Natasha.
Natasha is moderately wounded.
Natasha stares at you and mumbles some strange words.
The magic dart hits you.
You shoot an arrow. The arrow completely misses Terence.
Natasha mewls in sadness.
You shoot an arrow. The arrow hits Terence.
Terence is lightly wounded.
Natasha extends her claws.
Natasha stares at you and mumbles some strange words.
The magic dart hits you!
Natasha mumbles some strange words.
Terence hits you with a +2 flail of protection!
You die...

#.## #.##.# #.)# #)##.#
#..# #.##.# #+
#..###..... ...
#......##.# ....
#####.######.# ....$
##.###.#
......####...##.######.#
.....5@@...%............
......####...##.######.#
....h ##.###.# .... ###
#.# ... #.# #+ ... #.#
..#


You could see Terence, Natasha and a cerulean imp (summoned).

Vanquished Creatures
  5 ball pythons
  An endoplasm (D:1)
  5 goblins
  A hobgoblin (D:2)
  7 jackals (D:1)
  4 kobolds
  A bat (D:1)
  A frilled lizard (D:1)
  A rat (D:1)
26 creatures vanquished.

Notes
Turn   | Place    | Note
-------+----------+-------------------------------------------
     0 | D:1      | qw the Deep Elf Hunter began the quest for the Orb.
     0 | D:1      | Reached XP level 1. HP: 12/12 MP: 3/3
     0 | D:1      | 0 ||| qw: Version: 0.3-a-9-g12657ce
     0 | D:1      | 0 ||| qw: Game counter: 1682
     0 | D:1      | 0 ||| qw: Always use a shield: true
     0 | D:1      | 0 ||| qw: God list: Okawaru
     0 | D:1      | 0 ||| qw: Allow faded altars: false
     0 | D:1      | 0 ||| qw: Do Orc after D:15 true
     0 | D:1      | 0 ||| qw: Do second Lair branch before Depths: true
     0 | D:1      | 0 ||| qw: Lair rune preference: random
     0 | D:1      | 0 ||| qw: Plans: Normal
     0 | D:1      | 0 ||| PLANNING D:1-11
   108 | D:1      | Reached XP level 2. HP: 7/16 MP: 4/4
   110 | D:1      | Reached skill level 6 in Ranged Weapons
   700 | D:1      | 700 ||| UPGRADING to +0 helmet.
   705 | D:1      | 705 ||| UPGRADING to +0 ring mail.
   715 | D:1      | 715 ||| DROPPING +0 leather armour.
   716 | D:1      | 716 ||| UPGRADING to ring of see invisible.
   717 | D:1      | 717 ||| READING scroll labelled OMIJES NOOLAO.
   718 | D:1      | 718 ||| DROPPING scroll of butterflies.
   844 | D:2      | Reached XP level 3. HP: 20/20 MP: 5/5
   938 | D:2      | HP: 5/20 [poisoned by a goblin]
   941 | D:2      | HP: 2/20 [poisoned by a goblin]
  1074 | D:2      | Noticed Terence
  1074 | D:2      | Noticed Natasha
  1078 | D:2      | Slain by Terence

Levels and vault maps discovered:
D:1:      ncdulo_lavacross, layout_basic
D:2:      wad_crossroads, layout_loops_corners, basic_ecumenical_altar,
          serial_shops, nicolae_shop_gaudy_bauble, shop, shop,
          minmay_split_cup_large, uniq_terence, uniq_robin, uniq_natasha,
          uniq_crazy_yiuf_cottage

Skill      XL: |  1  2 |
---------------+-------+-----
Ranged Weapons | 6 |  6.6
Fighting       | |  1.5
Dodging        | |  2.4
Stealth        | |  1.2

Action                     || total
---------------------------++-------
   Fire: Shortbow          ||    59
    Use: Scroll            ||     1
 Armour: Leather armour    ||     4
         Ring mail         ||     2
  Dodge: Dodged            ||    18

Table legend:
 A = Non-vault XP
 B = Vault XP
 C = Vault XP percentage of total XP
 D = Non-vault monster count
 E = Vault monster count
 F = Vault count percentage of total count
                 A         B        C        D         E       F
            +---------+---------+-------+---------+---------+-------
      Total |      44 |       0 |   0.0 |      26 |       0 |   0.0
            +---------+---------+-------+---------+---------+-------
        D:1 |      38 |       0 |   0.0 |      22 |       0 |   0.0
        D:2 |       6 |       0 |   0.0 |       4 |       0 |   0.0
            +---------+---------+-------+---------+---------+-------
